 Dungeon Crawl Stone Soup version 0.18-a0-1539-g1c7284a (webtiles) character file.

96846 Kidiri the Fighter (level 15, -11/146 HPs)
             Began as a Demonspawn Chaos Knight on Mar 9, 2016.
             Blown up by an orb spider (35 damage)
             ... with an orb of destruction
             ... on level 2 of the Spider Nest.
             The game lasted 01:42:56 (28251 turns).

Kidiri the Fighter (Demonspawn Chaos Knight)       Turns: 28251, Time: 01:42:56

Health: -11/146    AC:  6    Str: 15 (16) XL:     15   Next: 70%
Magic:  0/21       EV: 10    Int: 19      God:    Xom [..*...]
Gold:   1926       SH:  0    Dex: 16      Spells: 0 memorised, 14 levels left

rFire  x . .     SeeInvis .     (weapon currently unavailable)
rCold  + + +     Gourm    .     (armour currently unavailable)
rNeg   . . .     Faith    +     (shield currently unavailable)
rPois  +         Spirit   +     (helmet unavailable)
rElec  .         Dismiss  .     (cloak currently unavailable)
rCorr  .         Reflect  .     (gloves currently unavailable)
SustAt .         Harm     .     (boots currently unavailable)
MR     ++...     Rnd*Rage +     C - amulet of faith
Stlth  +.........               A - ring of protection from magic
                                e - +2 ring of dexterity

@: ice-form, very resistant to hostile enchantments, very unstealthy
A: (horns 0), rough black scales 2, agile 1, berserk 2, blink, clever 2, (cold
resistance 0), deterioration 1, (fire resistance 0), sense surroundings 2,
(spiny 0), evolution 1, magic shield, magic regeneration
a: Blink, Renounce Religion


You were on level 2 of the Spider Nest.
You worshipped Xom.
You were a toy of Xom.
You were not hungry.
You were a creature of crystalline ice.
You visited 5 branches of the dungeon, and saw 24 of its levels.
You also visited: Labyrinth and Volcano.

You collected 2551 gold pieces.
You spent 625 gold pieces at shops.

Inventory:

Hand Weapons
 Y - the +9 scimitar "Bixot" (melded) {flame, +Rage rPois rF+ Int-3}
   (You found it on level 4 of the Lair of Beasts)

   It has been specially enchanted to burn those struck by it, causing extra
   injury to most foes and up to half again as much damage against particularly
   susceptible opponents.
   Big, fiery blades are also staple armaments of hydra-hunters.
   It affects your intelligence (-3).
   It protects you from fire.
   It protects you from poison.
   It lets you go berserk.
Missiles
 O - 3 throwing nets (quivered)
Armour
 k - a +2 cloak of fire resistance (melded)
 m - a +2 large shield of protection (melded)
 B - the +6 chain mail of a labyrinth (melded) {rF+ MR+ Stlth+}
   (You bought it in a shop on level 2 of the Orcish Mines)

   It protects you from fire.
   It affects your resistance to hostile enchantments.
   It makes you more stealthy.
 N - a +2 pair of boots of stealth (melded)
 U - the +3 pair of gauntlets of War (melded) {Slay+5}
   (You found it in a labyrinth)

   It affects your accuracy and damage with ranged weapons and melee attacks
   (+5).
Jewellery
 e - a +2 ring of dexterity (left front paw)
 z - an uncursed amulet of the gourmand
 A - a ring of protection from magic (right front paw)
 C - an amulet of faith (around neck)
 H - an uncursed ring of flight
Wands
 b - a wand of confusion (47/48)
 h - a wand of iceblast (9/15)
 q - a wand of slowing (27/48)
 s - a wand of acid (5/15)
 x - a wand of iceblast (7/15)
 D - a wand of digging (9/24)
 F - a wand of acid (12/15)
 G - a wand of flame (16/48)
 L - a wand of polymorph (9/24)
 P - a wand of teleportation (9/9)
 Q - a wand of random effects (31/48)
 S - a wand of random effects (25/48)
 V - a wand of paralysis (11/24)
Scrolls
 a - a scroll of remove curse
 d - 3 scrolls of amnesia
 f - 7 scrolls of blinking
 p - 6 scrolls of teleportation
 I - 2 scrolls of magic mapping
 K - a scroll of summoning
 M - 2 scrolls of fear
 R - a scroll of silence
 X - a scroll of enchant armour
 Z - 3 scrolls of fog
Potions
 g - 5 potions of cancellation
 j - a potion of might
 n - a potion of curing
 r - 3 potions of agility
 t - a potion of resistance
 w - 5 potions of ambrosia
 E - a potion of berserk rage
 W - a potion of heal wounds
Miscellaneous
 o - a lamp of fire
Comestibles
 c - 6 bread rations
 i - 7 meat rations
 l - 3 chunks of flesh
 J - 38 fruits


   Skills:
 * Level 12.5 Fighting
 * Level 11.9 Long Blades
 + Level 8.0 Throwing
 * Level 11.3 Armour
 + Level 7.9 Dodging
 * Level 11.5 Shields
 + Level 8.5 Evocations


You had 14 spell levels left.
You didn't know any spells.

Dungeon Overview and Level Annotations

Branches:
Dungeon (11/15)            Temple (1/1) D:6            Lair (8/8) D:10
 Shoals (0/4) Lair:4       Spider (2/4) Lair:5        Slime (0/6) Lair:7
    Orc (2/2) D:11            Elf (0/3) Orc:2

Altars:
Ashenzari
Cheibriados
Dithmenos
Elyvilon
Fedhas
Gozag
Kikubaaqudgha
Makhleb
Nemelex Xobeh
Okawaru
Pakellas
Qazlal
Ru
Sif Muna
Trog
Vehumet
Xom
Yredelemnul
Zin
The Shining One
Jiyva

Shops:
D:4 :   D:5 [   Orc:2 [}%?

Portals:
Pandemonium: Orc:2

Annotations:
Abyss:1 Erolcha


Innate Abilities, Weirdness & Mutations

((You have a pair of large horns on your head.))
(You are mostly covered in rough black scales (AC +7, Dex -2).)
((You are mostly covered in sharp spines.))
When hurt, damage is shared between your health and your magic reserves.
You regenerate magic rapidly.
You are agile. (Dex +2)
You often lose your temper in combat.
You can translocate small distances at will.
Your mind is very acute. (Int +4)
((Your flesh is very cold resistant.))
Your body sometimes deteriorates upon taking damage.
((Your flesh is heat resistant.))
You passively map the area around you.
You evolve.


Message History

The giant leech is severely wounded.
The giant leech misses you.
You hit the giant leech but do no damage.
The giant leech is severely wounded.
You hit the giant leech. You freeze the giant leech.
The giant leech is severely wounded.
The giant leech bites you!!
* * * LOW HITPOINT WARNING * * *
Unknown command.
You punch the giant leech! You freeze the giant leech.
The giant leech is almost dead.
The giant leech bites you!!
* * * LOW HITPOINT WARNING * * *
Your body deteriorates!
You feel weakened.
Unknown command.
Unknown command.
There is a stone staircase leading up here.
The orb of destruction hits you!
You die...
Xom guffaws!

....(##......##....##...###.)...
.....#..............#...#.......
*....>..........^#.†.............
....#......###..#.#.####........
,..........##........[..#....#.##
.......$..#%........!..#....##.#
..........................<.†..#
*......##§..##w...........#.†.^.)
#.....#.§...#..Y.....##/##......
..... #§.......§....######..#...
#.#.. #.§%>...§§.......,#..^#.##
#*##,*##.....§............##### *
#...§§.§#...#...#... *
^.)....!#.#.#.#.#(.. *
,.......###.#)#∆#.###,* * *
...... ,..#.. , ,,,, , , , ,** *


You could see a giant leech.

Vanquished Creatures
  The ghost of Galewind the Warrior, a journeyman MiFi of Okawaru (Orc:2)
  An emperor scorpion (Spider:2)
  A stone giant (Orc:2)
  Josephine (Lair:7)
  A minotaur (Lab)
  Harold (D:11)
  An ice dragon (Lair:8)
  10 hydras
  5 orc high priests (Orc:2)
  An unseen horror (D:9)
  A gelid demonspawn (Orc:2)
  3 torturous demonspawn (Orc:2)
  3 hill giants (D:11)
  3 lindwurms (Lair:8)
  Pikel (D:7)
  5 orc knights (Orc:2)
  5 orc sorcerers (Orc:2)
  5 orb spiders
  5 oklob plants (Lair:8)
  3 wolf spiders (Spider:1)
  2 cyclopes
  A toenail golem (Volcano)
  A griffon (Lair:3)
  16 elephants
  9 black mambas
  A centaur zombie (D:11)
  A rust devil (Orc:2)
  A sixfirhy (Orc:2)
  9 torpor snails
  A smoke demon (Orc:2)
  A gargoyle (D:9)
  14 spiny frogs
  2 demonic crawlers
  11 komodo dragons
  3 rime drakes
  A hellwing (Orc:2)
  4 jumping spiders
  3 trolls
  A polar bear (Lair:7)
  3 boulder beetles
  A snapping turtle (Lair:4)
  10 giant leeches
  16 blink frogs
  13 redbacks
  A ynoxinul (Orc:2)
  3 wyverns
  2 tarantellas (Spider:1)
  57 yaks
  A yak (shapeshifter) (Orc:2)
  A human (Lair:2)
  4 basilisks
  11 hippogriffs
  A golden eye (Orc:2)
  5 wraiths
  A steam dragon (D:7)
  Grum (D:9)
  A hungry ghost (D:10)
  40 wolves
  2 wargs
  30 water moccasins
  4 hell hounds
  17 porcupines
  A porcupine (shapeshifter) (D:8)
  28 orc warriors
  3 black bears
  A phantom (Lair:1)
  3 necrophages (D:7)
  2 ice beasts
  3 slaves (D:7)
  5 wasps
  8 ogres
  4 sky beasts
  2 centaurs
  12 crocodiles
  2 big kobolds
  16 giant frogs
  3 scorpions
  12 killer bees
  9 wights
  7 electric eels
  5 howler monkeys
  2 jellies
  A crimson imp (D:10)
  2 giant frog zombies
  2 giant frog skeletons
  27 orc priests
  3 centaur skeletons
  4 hounds
  6 iguanas
  19 orc wizards
  8 worker ants
  10 sheep
  A worker ant zombie (D:8)
  11 gnolls
  12 adders
  72 river rats
  2 shadow imps (D:11)
  An ooze (Lair:7)
  2 adder zombies
  An adder skeleton (D:4)
  14 worms
  A dart slug (D:4)
  4 giant geckos
  62 orcs
  6 bats
  4 giant cockroaches
  11 goblins
  10 hobgoblins
  14 jackals
  6 kobolds
  3 quokkas
  6 giant newts
  A jackal skeleton (D:4)
  A jackal zombie (D:7)
  A quokka skeleton (D:9)
  A quokka zombie (D:6)
  7 rats
  2 plants (Lair:8)
830 creatures vanquished.

Vanquished Creatures (collateral kills)
  An orb spider (Spider:2)
  A wind drake (shapeshifter) (D:9)
  A yak (D:8)
  An orc priest (D:10)
4 creatures vanquished.

Vanquished Creatures (others)
  An orc high priest (Orc:2)
  A komodo dragon (Lair:8)
  A wyvern (D:10)
  A basilisk (D:9)
  A yak (Lair:8)
  A wasp (Lair:8)
  A howler monkey (D:10)
  5 sheep (Lair:2)
  2 worms (Lair:8)
  An orc (D:10)
  A bush (Lair:8)
  2 fire vortices (Lair:3)
  11 fungi
  34 plants
63 creatures vanquished.

Grand Total: 897 creatures vanquished

Notes
Turn   | Place    | Note
--------------------------------------------------------------
     0 | D:1      | Kidiri the Demonspawn Chaos Knight began the quest for the Orb.
     0 | D:1      | Reached XP level 1. HP: 18/18 MP: 1/1
     0 | D:1      | XOM: potion effect (berserk rage)
    29 | D:1      | XOM: harmless Trmt miscast
    85 | D:1      | XOM: harmless Pois miscast
   140 | D:1      | Gained mutation: You are partially covered in sharp spines. [demonic ancestry]
   140 | D:1      | Reached XP level 2. HP: 13/24 MP: 2/2
   388 | D:1      | XOM: harmless Ice miscast
   476 | D:1      | Reached skill level 1 in Dodging
   821 | D:1      | Reached XP level 3. HP: 29/29 MP: 3/3
   879 | D:1      | XOM: divination: detect creatures
  1428 | D:2      | XOM: divination: detect creatures
  1434 | D:2      | Found a faded altar to an unknown god.
  1470 | D:2      | XOM: potion effect (berserk rage)
  1470 | D:2      | Reached skill level 1 in Shields
  1471 | D:2      | Gained mutation: You are mostly covered in sharp spines. [demonic ancestry]
  1471 | D:2      | Reached XP level 4. HP: 30/36 MP: 4/4
  1870 | D:2      | Reached skill level 4 in Fighting
  1870 | D:2      | Reached XP level 5. HP: 30/42 MP: 5/5
  2178 | D:2      | XOM: mild Divn miscast
  2672 | D:3      | XOM: harmless Divn miscast
  2833 | D:4      | Found an iron altar of Okawaru.
  2833 | D:4      | Noticed an ogre
  2838 | D:4      | Killed an ogre
  2838 | D:4      | Reached skill level 1 in Throwing
  2838 | D:4      | Reached XP level 6. HP: 48/48 MP: 6/6
  2970 | D:4      | XOM: smoke on damage
  3180 | D:4      | XOM: silly message
  3316 | D:4      | XOM: harmless Air miscast
  3459 | D:4      | XOM: mild Ice miscast
  3550 | D:4      | Found Siucuram's Book Shoppe.
  3911 | D:4      | XOM: smoke on damage
  4185 | D:4      | XOM: mild Summ miscast
  4341 | D:5      | Entered Level 5 of the Dungeon
  4350 | D:5      | Reached XP level 7. HP: 46/55 MP: 7/7
  4365 | D:5      | XOM: mild Tloc miscast
  4403 | D:5      | XOM: harmless Hex miscast
  4438 | D:5      | Found Daav's Armour Shop.
  4458 | D:5      | Bought a +0 cloak for 49 gold pieces
  4458 | D:5      | Bought a +0 pair of boots for 49 gold pieces
  4458 | D:5      | Bought a +0 helmet for 49 gold pieces
  4524 | D:5      | Got a steaming flail
  4525 | D:5      | Identified the cursed +0 flail "Leowit" {crush, rElec rF+} (You found it on level 5 of the Dungeon)
  4662 | D:5      | XOM: harmless Trmt miscast
  4834 | D:5      | XOM: divination: detect creatures
  5019 | D:4      | XOM is BORED!
  5019 | D:4      | XOM: noise
  5316 | D:6      | Reached skill level 5 in Fighting
  5379 | D:6      | Reached skill level 1 in Evocations
  5452 | D:6      | Found a staircase to the Ecumenical Temple.
  5459 | D:6      | Gained mutation: When hurt, damage is shared between your health and your magic reserves. [demonic ancestry]
  5459 | D:6      | Reached XP level 8. HP: 62/62 MP: 8/8
  5472 | D:6      | Found an ancient bone altar of Kikubaaqudgha.
  5487 | D:6      | XOM is BORED!
  5487 | D:6      | XOM: noise
  5506 | D:6      | XOM: divination: magic mapping
  5631 | D:6      | XOM: silly message
  5663 | D:6      | Reached skill level 5 in Long Blades
  5780 | Temple   | Entered the Ecumenical Temple
  5901 | Temple   | XOM: harmless Erth miscast
  5924 | D:7      | XOM: noise
  5943 | D:7      | Noticed Pikel
  5953 | D:7      | XOM: potion effect (invisibility)
  5960 | D:7      | XOM: swap monsters
  5975 | D:7      | Killed Pikel
  6118 | D:7      | XOM: 2-stop teleportation journey
  6124 | D:7      | Reached skill level 6 in Fighting
  6130 | D:7      | XOM: noise
  6143 | D:7      | XOM: mild Conj miscast
  6150 | D:7      | Gained mutation: You are partially covered in rough black scales (AC +4, Dex -1). [demonic ancestry]
  6150 | D:7      | Reached XP level 9. HP: 46/69 MP: 6/10
  6388 | D:7      | XOM: summons 3 hostile shadow creatures
  6400 | D:7      | Found a shadowy altar of Dithmenos.
  6405 | D:7      | XOM: confusion (+ monsters)
  6504 | D:7      | XOM: harmless Trmt miscast
  6587 | D:7      | XOM: torment (40/70 hp)
  6589 | D:7      | XOM: confusion (+ monsters)
  6595 | D:7      | XOM: blink monster(s)
  6619 | D:7      | XOM: polymorph hound -> steam dragon
  6629 | D:7      | Reached skill level 5 in Armour
  6640 | D:7      | Reached skill level 5 in Shields
  6695 | D:7      | XOM: give mutations
  6695 | D:7      | Gained mutation: Scrolls take you a little longer to read. [Xom's mischief]
  6695 | D:7      | Lost mutation: Scrolls take you a little longer to read. [Xom's mischief]
  6695 | D:7      | Gained mutation: You are weak. (Str -2) [Xom's mischief]
  6695 | D:7      | Gained mutation: You are dopey. (Int -2) [Xom's mischief]
  6814 | D:7      | XOM: give mutations
  6814 | D:7      | Gained mutation: Your system is resistant to poisons. [Xom's mischief]
  6814 | D:7      | Lost mutation: You are dopey. (Int -2) [Xom's mischief]
  7009 | D:7      | XOM: summons 2 hostile shadow creatures
  7172 | D:8      | Gained mutation: You tend to lose your temper in combat. [potion of mutation]
  7172 | D:8      | Gained mutation: You are dopey. (Int -2) [potion of mutation]
  7172 | D:8      | Gained mutation: You are clumsy. (Dex -2) [potion of mutation]
  7578 | D:8      | XOM: mild Tloc miscast
  7609 | D:8      | XOM: mild Divn miscast
  7657 | D:8      | Reached skill level 7 in Fighting
  7669 | D:8      | XOM: swap monsters
  7689 | D:8      | XOM: summons 3 friendly demons
  7707 | D:8      | XOM: harmless Summ miscast
  7713 | D:8      | Gained mutation: You have a pair of small horns on your head. [demonic ancestry]
  7713 | D:8      | Reached XP level 10. HP: 42/79 MP: 8/12
  7949 | D:8      | XOM: god gift: short ivory wand {god gift}
  7975 | D:8      | Noticed Erolcha
  7976 | D:8      | XOM: divination: detect creatures
  7977 | D:8      | Banished Erolcha
  7998 | D:8      | Found a glowing golden altar of the Shining One.
  8057 | D:8      | XOM: mild Air miscast
  8091 | D:8      | XOM: swap monsters
  8103 | D:8      | Lost mutation: You are clumsy. (Dex -2) [mutagenic meat]
  8104 | D:8      | Gained mutation: You are frail (-10% HP). [mutagenic meat]
  8129 | D:8      | Found a blossoming altar of Fedhas.
  8356 | D:9      | XOM: enchant monster (good)
  8400 | D:9      | XOM: 1-stop teleportation journey
  8460 | D:9      | XOM: swap monsters
  8498 | D:9      | Killed an unseen horror
  8648 | D:9      | Noticed Grum
  8658 | D:9      | XOM: fog
  8667 | D:9      | Killed Grum
  8823 | D:9      | XOM: god gift: pair of glowing boots {god gift}
  8864 | D:9      | XOM: god gift: pair of runed gloves {god gift}
  8876 | D:9      | XOM: mild Pois miscast
  9029 | D:9      | XOM: divine lightning (protected)
  9121 | D:9      | XOM: draining
  9246 | D:10     | Entered Level 10 of the Dungeon
  9255 | D:10     | XOM: confuse monster(s)
  9257 | D:10     | Noticed a hill giant
  9267 | D:10     | Noticed a water nymph
  9267 | D:10     | a hill giant changed into a water nymph
  9267 | D:10     | a water nymph changed into a boulder beetle
  9273 | D:10     | XOM: cast spell 'Dispersal'
  9440 | D:9      | XOM: god gift: dented ivory amulet {god gift}
  9523 | D:10     | Noticed a gargoyle
  9602 | D:9      | XOM: give mutations
  9602 | D:9      | Gained mutation: You are agile. (Dex +2) [Xom's grace]
  9602 | D:9      | Gained mutation: You can translocate small distances at will. [Xom's grace]
  9634 | D:9      | XOM: give mutations
  9634 | D:9      | Gained mutation: You evolve. [Xom's grace]
  9634 | D:9      | Gained mutation: You are very agile. (Dex +4) [Xom's grace]
  9634 | D:9      | Gained mutation: Your spells are a little harder to cast, but a little more powerful. [Xom's grace]
  9804 | D:10     | Reached skill level 8 in Fighting
  9809 | D:10     | XOM: divine lightning
  9810 | D:10     | XOM: summons 10 friendly demons
  9816 | D:10     | XOM: summons 5 friendly demons
  9819 | D:10     | Noticed a swamp dragon
  9819 | D:10     | a boulder beetle changed into a swamp dragon
  9820 | D:10     | XOM: swap monsters
  9826 | D:9      | XOM: god gift: ring mail {god gift}
 10121 | D:9      | XOM: cast spell 'Summon Hydra'
 10123 | D:9      | a swamp dragon changed into a wind drake
 10140 | D:9      | Killed a gargoyle
 10140 | D:9      | Gained mutation: You have a pair of horns on your head. [demonic ancestry]
 10140 | D:9      | Reached XP level 11. HP: 67/77 MP: 12/14
 10150 | D:9      | Lost mutation: Your spells are a little harder to cast, but a little more powerful. [mutagenic meat]
 10160 | D:9      | Lost mutation: You are weak. (Str -2) [mutagenic meat]
 10161 | D:9      | Gained mutation: Your muscles are strong. (Str +2) [mutagenic meat]
 10162 | D:9      | Gained mutation: You often lose your temper in combat. [mutagenic meat]
 10291 | D:10     | XOM: fog
 10295 | D:10     | Gained mutation: You rapidly evolve. [evolution]
 10296 | D:10     | XOM: divination: detect creatures
 10298 | D:10     | XOM: summons 2 friendly demons
 10348 | D:10     | Found a staircase to the Lair.
 10380 | D:10     | Noticed a hill giant
 10552 | D:10     | XOM: vitrification
 10576 | D:10     | XOM: god gift: sharpened wooden wand {god gift}
 10756 | D:11     | Found a staircase to the Orcish Mines.
 10756 | D:11     | Noticed a hill giant
 10760 | D:11     | Found a labyrinth entrance.
 10768 | D:11     | Killed a hill giant
 10783 | Lab      | Entered a labyrinth
 10856 | Lab      | XOM: give mutations
 10856 | Lab      | Gained mutation: Your flesh is cold resistant. [Xom's grace]
 10856 | Lab      | Gained mutation: You have a pair of large horns on your head. [Xom's grace]
 11042 | Lab      | Noticed a minotaur
 11045 | Lab      | XOM: divine lightning
 11049 | Lab      | Killed a minotaur
 11054 | Lab      | Got a tattered robe
 11054 | Lab      | Identified the Collected Works on Transformation and Envenoming (You found it in a labyrinth)
 11089 | D:11     | Identified the cursed +1 robe of Courage {MR+ Int+4 SInv} (You found it in a labyrinth)
 11344 | D:11     | Reached skill level 5 in Dodging
 11358 | D:11     | XOM: cast spell 'Summon Butterflies'
 11401 | D:11     | Noticed Harold
 11422 | D:11     | Killed Harold
 11423 | D:11     | XOM: colour smoke trail
 11665 | D:11     | Noticed a hill giant
 11675 | D:11     | Killed a hill giant
 11860 | D:11     | XOM: noise
 12228 | D:11     | Noticed a hill giant
 12238 | D:11     | Killed a hill giant
 12238 | D:11     | Reached skill level 9 in Fighting
 12463 | Lair:1   | Entered Level 1 of the Lair of Beasts
 12667 | Lair:1   | XOM: harmless Necr miscast
 12730 | Lair:1   | XOM: divination: detect creatures
 12781 | Lair:1   | Reached skill level 5 in Evocations
 12791 | Lair:1   | Gained mutation: You passively map a small area around you. [evolution]
 12942 | Lair:1   | Noticed an eight-headed hydra
 12947 | Lair:1   | XOM: potion effect (agility)
 12948 | Lair:1   | XOM: divination: magic mapping
 12954 | Lair:1   | XOM: potion effect (magic)
 12955 | Lair:1   | Killed a 12-headed hydra
 13122 | Lair:1   | Gained mutation: You are mostly covered in rough black scales (AC +7, Dex -2). [demonic ancestry]
 13122 | Lair:1   | Reached XP level 12. HP: 84/86 MP: 15/15
 13234 | Lair:1   | XOM: harmless Summ miscast
 13350 | Lair:1   | XOM: vitrification
 13622 | Lair:1   | Reached skill level 5 in Throwing
 13644 | Lair:1   | XOM: divination: detect creatures
 13709 | Lair:1   | Noticed a seven-headed hydra
 13712 | Lair:1   | XOM: harmless Hex miscast
 13731 | Lair:1   | Killed a 19-headed hydra
 13937 | Lair:1   | Lost mutation: You are dopey. (Int -2) [evolution]
 13994 | Lair:1   | XOM: divination: detect creatures
 14141 | Lair:2   | XOM: potion effect (agility)
 14142 | Lair:2   | XOM: mild Air miscast
 14159 | Lair:2   | XOM: silly message
 14288 | Lair:2   | XOM: enchant monster (good)
 14317 | Lair:2   | XOM: summons 6 hostile demons
 14357 | Lair:2   | XOM: summons 5 hostile demons
 14487 | Lair:2   | XOM: divination: magic mapping
 14496 | Lair:2   | XOM: polymorph blink frog -> human
 14497 | Lair:2   | XOM: harmless Conj miscast
 14500 | Lair:2   | XOM: mild Summ miscast
 14526 | Lair:2   | XOM: colour smoke trail
 14588 | Lair:2   | XOM: blink monster(s)
 14596 | Lair:2   | XOM: enchant monster (bad)
 14662 | Lair:2   | XOM: colour smoke trail
 14701 | Lair:2   | XOM: summons 4 hostile demons
 14774 | Lair:2   | XOM: divination: detect creatures
 14849 | Lair:2   | Found a shimmering altar of Xom.
 14949 | Lair:2   | XOM: god gift: 20 stones
 14964 | Lair:2   | XOM: potion effect (berserk rage)
 14983 | Lair:2   | XOM: potion effect (invisibility)
 15110 | Lair:2   | XOM: scenery: create altars
 15268 | Lair:3   | XOM: cast spell 'Spider Form'
 15331 | Lair:3   | XOM: mild Chrm miscast
 15362 | Lair:3   | Noticed a six-headed hydra
 15365 | Lair:3   | XOM: confuse monster(s)
 15368 | Lair:3   | XOM: silly message
 15371 | Lair:3   | XOM: potion effect (brilliance)
 15381 | Lair:3   | XOM: divination: detect creatures
 15382 | Lair:3   | Killed an 11-headed hydra
 15382 | Lair:3   | Reached skill level 10 in Fighting
 15432 | Lair:3   | XOM: mild Fire miscast
 15491 | Lair:3   | XOM: scenery: 2 doors open
 15549 | Lair:3   | XOM: mild Divn miscast
 15567 | Lair:3   | XOM: harmless Air miscast
 15759 | Lair:3   | XOM: give mutation
 15759 | Lair:3   | Lost mutation: You are frail (-10% HP). [Xom's mischief]
 16206 | Lair:3   | Gained mutation: You passively map the area around you. [evolution]
 16206 | Lair:3   | Lost mutation: You rapidly evolve. [end of evolution]
 16259 | Lair:3   | XOM: blink monster(s)
 16335 | Lair:3   | XOM: colour smoke trail
 16420 | Lair:4   | Gained mutation: You regenerate magic rapidly. [demonic ancestry]
 16420 | Lair:4   | Reached XP level 13. HP: 103/103 MP: 17/17
 16453 | Lair:4   | XOM: noise
 16456 | Lair:4   | XOM: fog
 16461 | Lair:4   | XOM: swap monsters
 16519 | Lair:4   | Got a fine scimitar
 16520 | Lair:4   | Identified the +9 scimitar "Bixot" {flame, +Rage rPois rF+ Int-3} (You found it on level 4 of the Lair of Beasts)
 16915 | Lair:4   | XOM: cast spell 'Statue Form'
 17064 | Lair:4   | Found a staircase to the Shoals.
 17207 | Lair:4   | XOM: scenery: 1 doors close
 17268 | Lair:4   | XOM: confusion (+ monsters)
 17292 | Lair:4   | XOM: enchant monster (bad)
 17964 | Lair:5   | XOM: fog
 17971 | Lair:5   | Reached skill level 10 in Long Blades
 18026 | Lair:5   | Found a dark tunnel.
 18045 | Volcano  | Entered a volcano
 18078 | Volcano  | XOM: vitrification
 18327 | Lair:5   | XOM: harmless Fire miscast
 18346 | Lair:5   | XOM: 1-stop teleportation journey
 18403 | Lair:5   | XOM: give mutations
 18403 | Lair:5   | Lost mutation: Your muscles are strong. (Str +2) [Xom's mischief]
 18583 | Lair:5   | XOM: harmless Conj miscast
 18794 | Lair:5   | XOM: colour smoke trail
 18800 | Lair:5   | Found a hole to the Spider Nest.
 18826 | Lair:5   | XOM: 7-stop teleportation journey
 18838 | Lair:5   | Gained mutation: Your muscles are strong. (Str +2) [evolution]
 18878 | Lair:5   | XOM: enchant monster (good)
 18883 | Lair:5   | XOM: fog
 18884 | Lair:5   | XOM: confuse monster(s)
 18921 | Lair:5   | XOM: colour smoke trail
 18935 | Lair:5   | XOM: vitrification
 19158 | Lair:5   | XOM: vitrification
 19526 | Lair:6   | XOM: confuse monster(s)
 19544 | Lair:6   | XOM: god gift: lamp of fire
 20047 | Lair:7   | XOM: god gift: 22 stones
 20064 | Lair:7   | XOM: divination: detect items
 20134 | Lair:7   | Reached skill level 11 in Fighting
 20143 | Lair:7   | Found a glowing golden altar of the Shining One.
 20182 | Lair:7   | XOM: give mutations
 20182 | Lair:7   | Lost mutation: You are very agile. (Dex +4) [Xom's mischief]
 20182 | Lair:7   | Lost mutation: Your muscles are strong. (Str +2) [Xom's mischief]
 20182 | Lair:7   | Gained mutation: You are dopey. (Int -2) [Xom's mischief]
 20186 | Lair:7   | XOM: harmless Trmt miscast
 20428 | Lair:7   | XOM: summons 13 friendly demons
 20436 | Lair:7   | Got a creamy pearl robe
 20447 | Lair:7   | Identified the +0 robe "Poikka" {rElec rN+ MP+9 Str+3} (You found it on level 7 of the Lair of Beasts)
 20493 | Lair:7   | XOM: harmless Chrm miscast
 20547 | Lair:7   | XOM: enchant monster (bad)
 20695 | Lair:7   | XOM is BORED!
 20695 | Lair:7   | XOM: stat loss: -3 Int (7/10)
 20730 | Lair:7   | XOM: summons 6 hostile demons
 20837 | Lair:7   | XOM: 2-stop teleportation journey
 20894 | Lair:7   | Found a runed door.
 20894 | Lair:7   | Found a viscous altar of Jiyva.
 20894 | Lair:7   | Found a staircase to the Slime Pits.
 20945 | Lair:7   | Noticed Josephine
 20945 | Lair:7   | XOM: mild Trmt miscast
 20947 | Lair:7   | XOM: enchant monster (bad)
 20949 | Lair:7   | XOM: noise
 20957 | Lair:7   | Killed Josephine
 20957 | Lair:7   | Reached XP level 14. HP: 71/113 MP: 19/19
 20957 | Lair:7   | XOM: smoke on damage
 20963 | Lair:7   | XOM: enchant monster (bad)
 21146 | Lair:7   | XOM: 5-stop teleportation journey
 21230 | Lair:7   | XOM: mild Air miscast
 21253 | Lair:7   | XOM: summons 3 hostile demons
 21364 | Lair:7   | XOM: enchant monster (bad)
 21474 | Lair:7   | XOM: mild Pois miscast
 21481 | Lair:7   | Reached skill level 10 in Shields
 21513 | Lair:7   | XOM: give mutations
 21513 | Lair:7   | Lost mutation: You are dopey. (Int -2) [Xom's mischief]
 21513 | Lair:7   | Gained mutation: You occasionally shout uncontrollably at your foes. [Xom's mischief]
 21513 | Lair:7   | Lost mutation: You have a pair of large horns on your head. [Xom's mischief]
 21570 | Lair:7   | XOM: noise
 21598 | Lair:7   | XOM: harmless Hex miscast
 21619 | Lair:7   | Reached skill level 10 in Armour
 21699 | Lair:8   | Entered Level 8 of the Lair of Beasts
 21716 | Lair:8   | XOM: mild Pois miscast
 21717 | Lair:8   | XOM: confusion (+ monsters)
 21726 | Lair:8   | XOM: summons 7 hostile demons
 21729 | Lair:8   | XOM: enchant monster (bad)
 21731 | Lair:8   | XOM: confuse monster(s)
 21912 | Lair:8   | XOM: enchant monster (good)
 21915 | Lair:8   | XOM: 3-stop teleportation journey
 21969 | Lair:8   | XOM: divination: detect creatures
 22135 | Lair:8   | XOM: harmless Ice miscast
 22225 | Lair:8   | XOM: 1-stop teleportation journey
 22262 | Lair:8   | XOM: mild Hex miscast
 22263 | Lair:8   | XOM: 2-stop teleportation journey
 22339 | Lair:8   | Found a runed door.
 22355 | Lair:8   | XOM: summons friendly ufetubus
 22360 | Lair:8   | XOM: confuse monster(s)
 22361 | Lair:8   | XOM: swap monsters
 22480 | Lair:8   | XOM: confuse monster(s)
 22544 | Lair:8   | XOM: cast spell 'Summon Butterflies'
 22680 | Lair:8   | XOM: 1-stop teleportation journey
 22710 | Lair:8   | XOM: polymorph basilisk -> sky beast
 22719 | Lair:8   | XOM: silly message
 22868 | Lair:8   | XOM: harmless Hex miscast
 22876 | Lair:8   | XOM: summons friendly crimson imp
 22914 | Lair:8   | Got a scintillating bronze ring
 22916 | Lair:8   | Identified the ring of Prescription {-Tele +Fly rN+ Int+10 Slay+3} (You found it on level 8 of the Lair of Beasts)
 23043 | Lair:8   | XOM: confuse monster(s)
 23396 | Lair:8   | XOM: mild Divn miscast
 23480 | Lair:8   | XOM: summons 7 hostile demons
 23743 | Lair:8   | XOM: mild Trmt miscast
 23745 | Lair:8   | XOM: harmless Summ miscast
 23774 | Lair:8   | Gained mutation: Your mind is acute. (Int +2) [evolution]
 23885 | Lair:8   | XOM: enchant monster (bad)
 23923 | Lair:8   | XOM: silly message
 23981 | Lair:6   | XOM: silly message
 24041 | Lair:3   | XOM: give mutations
 24041 | Lair:3   | Gained mutation: You rapidly evolve. [Xom's grace]
 24041 | Lair:3   | Gained mutation: You are resistant to hostile enchantments. [Xom's grace]
 24041 | Lair:3   | Gained mutation: Your mind is very acute. (Int +4) [Xom's grace]
 24041 | Lair:3   | Gained mutation: Your flesh is heat resistant. [Xom's grace]
 24070 | Lair:1   | XOM: potion effect (agility)
 24192 | Orc:1    | Entered Level 1 of the Orcish Mines
 24215 | Orc:1    | XOM: scenery: create altars
 24287 | Orc:1    | XOM: cast spell 'Hydra Form'
 24339 | Orc:1    | XOM: noise
 24560 | Orc:2    | Entered Level 2 of the Orcish Mines
 24560 | Orc:2    | Noticed a stone giant
 24566 | Orc:2    | XOM: harmless Hex miscast
 24568 | Orc:2    | XOM: potion effect (berserk rage)
 24582 | Orc:1    | XOM: cast spell 'Hydra Form'
 24639 | Orc:1    | Gained mutation: You have a pair of large horns on your head. [demonic ancestry]
 24639 | Orc:1    | Reached XP level 15. HP: 100/120 MP: 20/20
 24647 | Orc:1    | XOM: cast spell 'Spider Form'
 24887 | Orc:2    | XOM: give mutations
 24887 | Orc:2    | Lost mutation: You occasionally shout uncontrollably at your foes. [Xom's mischief]
 24887 | Orc:2    | Lost mutation: You are resistant to hostile enchantments. [Xom's mischief]
 24887 | Orc:2    | Gained mutation: Your body sometimes deteriorates upon taking damage. [Xom's mischief]
 25141 | Orc:2    | XOM: polymorph warg -> golden eye
 25143 | Orc:2    | Found a burning altar of Makhleb.
 25259 | Orc:2    | XOM: harmless Pois miscast
 25260 | Orc:2    | XOM: harmless Tloc miscast
 25264 | Orc:2    | Found a staircase to the Elven Halls.
 25313 | Orc:2    | XOM: mild Hex miscast
 25350 | Orc:2    | Noticed Galewind's ghost (journeyman MiFi)
 25363 | Orc:2    | XOM: draining
 25369 | Orc:2    | Killed Galewind's ghost
 25386 | Orc:2    | XOM: mild Necr miscast
 25396 | Orc:2    | XOM: divination: detect creatures
 25528 | Orc:2    | XOM: divination: magic mapping
 25663 | Orc:2    | Found Cumpub's Magic Scroll Boutique.
 25667 | Orc:2    | XOM: fog
 25672 | Orc:2    | Reached skill level 12 in Fighting
 25681 | Orc:2    | Found Kiaddeig's Food Shop.
 25695 | Orc:2    | XOM: give mutation
 25695 | Orc:2    | Gained mutation: Your flesh is very cold resistant. [Xom's grace]
 25708 | Orc:2    | XOM: fog
 26236 | Orc:2    | XOM: vitrification
 26268 | Orc:2    | XOM: god gift: 6 steel tomahawks
 26275 | Orc:2    | XOM: summons 2 friendly demons
 26309 | Orc:2    | XOM: swap monsters
 26321 | Orc:2    | XOM: potion effect (invisibility)
 26324 | Orc:2    | XOM: cast spell 'Summon Butterflies'
 26329 | Orc:2    | XOM: noise
 26330 | Orc:2    | XOM: summons 3 hostile shadow creatures
 26336 | Orc:2    | XOM: confusion
 26340 | Orc:2    | XOM: polymorph orc high priest -> faun
 26341 | Orc:2    | XOM: enchant monster (bad)
 26366 | Orc:2    | XOM: confusion
 26367 | Orc:2    | XOM: polymorph orc warrior -> water moccasin
 26388 | Orc:2    | XOM: harmless Tloc miscast
 26409 | Orc:2    | XOM: give mutation
 26409 | Orc:2    | Lost mutation: You rapidly evolve. [Xom's mischief]
 26490 | Orc:2    | XOM: colour smoke trail
 26716 | Orc:2    | XOM: harmless Conj miscast
 26721 | Orc:2    | XOM: mild Fire miscast
 26726 | Orc:2    | Lost mutation: Your system is resistant to poisons. [mutagenic meat]
 26752 | Orc:2    | XOM: polymorph neqoxec -> ynoxinul
 26771 | Orc:2    | XOM: enchant monster (bad)
 26772 | Orc:2    | XOM: mild Conj miscast
 26794 | Orc:2    | XOM: enchant monster (bad)
 26914 | Orc:2    | Found Xuppec's Gadget Shoppe.
 26914 | Orc:2    | Found a one-way gate leading to the halls of Pandemonium.
 26914 | Orc:2    | Found Ivvaff's Antique Armour Emporium.
 26930 | Orc:2    | XOM: noise
 26933 | Orc:2    | XOM: severe Ice miscast
 26959 | Orc:2    | Bought a fine chain mail for 275 gold pieces
 26959 | Orc:2    | Bought a spiked leather armour for 203 gold pieces
 26969 | Orc:2    | Identified the +6 chain mail of a labyrinth {rF+ MR+ Stlth+} (You bought it in a shop on level 2 of the Orcish Mines)
 27047 | Orc:2    | Identified the +5 leather armour of Starshine {Int+4} (You bought it in a shop on level 2 of the Orcish Mines)
 27100 | Orc:2    | XOM: medium Conj miscast
 27261 | Orc:2    | XOM: noise
 27368 | Orc:1    | XOM: blink monster(s)
 27511 | Lair:2   | XOM: stat loss: -1 Int (15/16)
 27582 | Spider:1 | Entered Level 1 of the Spider Nest
 27619 | Spider:1 | XOM: harmless Summ miscast
 27620 | Spider:1 | XOM: blink monster(s)
 27855 | Spider:1 | XOM: noise
 27989 | Spider:2 | XOM: summons friendly ufetubus
 27990 | Spider:2 | XOM: potion effect (haste)
 28003 | Spider:2 | XOM: potion effect (brilliance)
 28011 | Spider:2 | XOM: divination: detect items
 28019 | Spider:2 | XOM: potion effect (magic)
 28023 | Spider:2 | XOM: potion effect (brilliance)
 28062 | Spider:2 | XOM: potion effect (haste)
 28171 | Spider:1 | XOM: silly message
 28215 | Spider:2 | XOM: blink monster(s)
 28221 | Spider:2 | XOM: confuse monster(s)
 28222 | Spider:2 | XOM: cast spell 'Ice Form'
 28251 | Spider:2 | Blown up by an orb spider

Vault maps used:
D:1:      dpeg_arrival_chambers_temple_mockup
D:2:      ecumenical_altar_2, first_bread
D:4:      serial_shops, nicolae_shop_behind_doors, eino_tiny_chamber,
          okawaru_ov_weapons_minmay
D:5:      serial_shops, shop, st_stairs_13
D:6:      minmay_temple_entry_trees, basic_altar
D:7:      lemuel_round_altar, uniq_pikel
D:8:      lemuel_doored_altar, blue_anna_alchemist,
          fedhas_bush_and_centaur_altar, uniq_erolcha
D:9:      uniq_grum
D:10:     lair_0_dummy
D:11:     orc_0_dummy, lab_entry_generic, billiards_dpeg, uniq_harold
Temple:   kilobyte_greek_temple_18
Lair:1:   beast_lair_carwin_7
Lair:2:   kb_xom_exploding_sheep
Lair:3:   grunt_megastairs_4
Lair:4:   minmay_shoals_entry_hut, cheibrodos_lair_reptile_den,
          serial_bayou_shore_a
Lair:5:   spider_nest_entry_webs, enter_volcano_3, serial_bayou_lagoon_b,
          serial_bayou_shore_b
Lair:6:   st_stairs_7, lemuel_fruit_tree
Lair:7:   slime_altar_2, basic_altar, grunt_megastairs_5, uniq_josephine
Lair:8:   wormcave, hangedman_lair_in_review, dpeg_oklob_1
Spider:2: hangedman_stitches_earthworm
Orc:2:    pf_orc_diabolical, special_room, basic_altar
Volcano:  volcano_caves

Skill      XL: |  1  2  3  4  5  6  7  8  9 10 11 12 13 14 15 |
---------------+----------------------------------------------+-----
Armour         | 2 3 4 5 6 7 8 9 10 11 | 11.3
Dodging        | 1 2 3 4 5 6 7 |  7.9
Long Blades    | 3 4 5 6 7 8 9 10 11 | 11.9
Shields        | 1 2 3 4 5 6 7 8 9 10 11 | 11.5
Fighting       | 4 5 6 7 8 9 10 11 12 | 12.5
Throwing       | 1 2 3 4 5 6 7 8 |  8.0
Evocations     | 1 2 3 4 5 6 7 8 |  8.5

Action                   |  1- 3 |  4- 6 |  7- 9 | 10-12 | 13-15 || total
-------------------------+-------+-------+-------+-------+-------++-------
Melee: Falchion          |    44 |   119 |   344 |   746 |    29 ||  1282
       Flail             |       |       |     3 |       |       ||     3
       Unarmed           |       |       |       |    12 |    12 ||    24
       Scimitar          |       |       |       |       |   999 ||   999
 Fire: Hunting sling     |    35 |       |       |       |       ||    35
Throw: Stone             |     4 |       |     6 |       |       ||    10
       Throwing net      |       |       |       |     1 |       ||     1
 Abil: Evoke Berserk Rag |       |       |       |       |     4 ||     4
       Evoke Flight      |       |       |       |       |     1 ||     1
Evoke: Wand              |       |       |       |       |    19 ||    19
  Use: Scroll            |     7 |     5 |     7 |     5 |    24 ||    48
       Potion            |       |     1 |     4 |     4 |     9 ||    18
 Stab: Paralysed         |       |       |     2 |     5 |       ||     7
       Petrified         |       |       |     3 |     4 |       ||     7
       Confused          |       |       |     2 |     1 |     3 ||     6
       Invisible         |       |       |     1 |     1 |    15 ||    17
       Distracted        |       |       |     1 |     1 |       ||     2
       Sleeping          |       |       |       |    12 |    13 ||    25
       Petrifying        |       |       |       |     4 |       ||     4
  Eat: Chunk             |     2 |    23 |    14 |    43 |    40 ||   122
       Bread ration      |       |       |       |     3 |     2 ||     5
       Pizza             |       |       |       |     1 |     1 ||     2
       Beef jerky        |       |       |       |       |     3 ||     3
       Meat ration       |       |       |       |       |     1 ||     1
